 Dungeon Crawl Stone Soup version 0.30-a0-793-g160f7cfddd (webtiles) character file.

Game seed: 5442555020426756450

228342 miscthings the Eclecticist (level 20, -6/144 HPs)
             Began as a Djinni Conjurer on Feb 20, 2023.
             Was a Favourite Plaything of Xom.
             Mangled by a deep elf blademaster
             ... wielding a +0 rapier
              (10 damage)
             ... on level 3 of the Elven Halls.
             The game lasted 01:19:21 (24163 turns).

miscthings the Eclecticist (Djinni Conjurer)       Turns: 24163, Time: 01:19:21

Health: -6/144     AC:  7    Str:  5    XL:     20   Next: 19%
Gold:   2487       EV: 29    Int: 29    God:    Xom [*.....] SH: 15 Dex: 23

rFire   + + +      SeeInvis +    n - +0 falchion of the Tomato {vamp, Will+ Dex+3}
rCold   . . .      Faith    .    j - +2 buckler
rNeg    + + .      Spirit   .    O - +0 robe of Youthful Indiscretion {rElec Will+ rCorr Dex+3}
rPois   ∞          Reflect  .    (helmet restricted)
rElec   +          Harm     .    D - +1 cloak
rCorr   +          Rampage  .    d - +1 pair of gloves {Stlth+}
Will    +++++      Clarity  +    (boots unavailable)
Stlth   ++++                     l - amulet of Hiurch {rN++ Will- Regen+}
HPRegen 1.24/turn                C - +5 ring of evasion
MPRegen 0.00/turn                T - ring of protection from cold

@: about to teleport, flying, studying Shields
A: sickness immunity, fire resistance 3, cold vulnerability 1, float, innate
caster, HP casting, extra vitality 1, horns 1, large bone plates 1, thin
skeletal structure 1, see invisible, agile 1, clarity, deterioration 1,
strong-willed 2, wild magic 1
}: 1/15 runes: serpentine
a: Renounce Religion


You were on level 3 of the Elven Halls.
You worshipped Xom.
You were a special plaything of Xom.
You visited 6 branches of the dungeon, and saw 30 of its levels.
You also visited: Ice Cave and Volcano.

You collected 2990 gold pieces.
You spent 503 gold pieces at shops.

Inventory:

Hand Weapons
 n - the +0 falchion of the Tomato (weapon) {vamp, Will+ Dex+3}
   (You found it on level 4 of the Lair of Beasts)

   Dex:       It affects your dexterity (+3).
   Will:      It increases your willpower.
 N - the +9 hand axe of the Desert {spect, *Slow rElec rPois Dex+7}
   (You found it on level 1 of the Lair of Beasts)

   Dex:       It affects your dexterity (+7).
   rElec:     It insulates you from electricity.
   rPois:     It protects you from poison.
   *Slow:     It may slow you when you take damage.
Armour
 d - a +1 pair of gloves of stealth (worn)
 g - a +0 troll leather armour
 j - a +2 buckler (worn)
 s - a +2 helmet
 D - a +1 cloak (worn)
 O - the +0 robe of Youthful Indiscretion (worn) {rElec Will+ rCorr Dex+3}
   (You found it on level 4 of the Lair of Beasts)

   Dex:       It affects your dexterity (+3).
   rElec:     It insulates you from electricity.
   rCorr:     It protects you from acid and corrosion.
   Will:      It increases your willpower.
 Q - a +1 kite shield of fire resistance
 Y - the +1 leather armour of Experimentation {rPois rC+ rN+}
   (You bought it in a shop on level 14 of the Dungeon)

   rC:        It protects you from cold.
   rPois:     It protects you from poison.
   rN:        It protects you from negative energy.
Magical Staves
 H - a staff of fire
 L - a staff of poison
Jewellery
 l - the amulet of Hiurch (around neck) {rN++ Will- Regen+}
   (You found it on level 2 of the Dungeon)

   [amulet of regeneration]

   rN:        It greatly protects you from negative energy.
   Regen:     It increases your rate of health regeneration.
   Will:      It decreases your willpower.
 m - a +6 ring of strength
 y - a ring of wizardry
 C - a +5 ring of evasion (left hand)
 F - an amulet of reflection
 T - a ring of protection from cold (right hand)
 W - a +6 ring of intelligence
Wands
 a - a wand of iceblast (11)
 w - a wand of charming (5)
 A - a wand of light (4)
 K - a wand of flame (52)
 X - a wand of mindburst (8)
Scrolls
 e - a scroll of summoning
 f - 17 scrolls of teleportation
 p - 8 scrolls of fog
 t - 3 scrolls of fear
 v - 2 scrolls of vulnerability
 x - 4 scrolls of poison
 E - 3 scrolls of magic mapping
 G - 4 scrolls of enchant armour
 I - 2 scrolls of blinking
 J - a scroll of immolation
 V - 8 scrolls of identify {@r1}
Potions
 b - 7 potions of attraction
 c - 3 potions of invisibility
 h - 12 potions of curing
 i - 4 potions of mutation
 k - 5 potions of might
 o - 4 potions of lignification
 q - 8 potions of haste
 r - 2 potions of magic
 u - 8 potions of heal wounds
 z - 4 potions of resistance
 B - 4 potions of cancellation
 M - 6 potions of brilliance
 S - 2 potions of ambrosia
Miscellaneous
 P - a condenser vane
 U - a phial of floods


   Skills:
 + Level 13.1 Fighting
 + Level 8.5 Armour
 + Level 14.4 Dodging
 - Level 1.5 Stealth
 + Level 14.8 Shields
 * Level 19.0 Spellcasting
 + Level 8.5 Evocations


You knew the following spells:

 Your Spells              Type           Power      Damage    Failure   Level
a - Iskenderun's Mystic   Conj/Tloc      100%       2d19      1%          4
b - Vampiric Draining     Necr           100%       2d13      1%          3
c - Starburst             Conj/Fire      54%        6d15      1%          6
d - Fulminant Prism       Conj/Hex       54%        3d23      1%          4
e - Searing Ray           Conj           100%       2d8       1%          2
f - Beastly Appendage     Tmut           100%       N/A       1%          1
g - Static Discharge      Conj/Air       100%       2-7/arc   1%          2
h - Magic Dart            Conj           100%       1d8       1%          1
i - Flame Wave            Conj/Fire      100%       2d21      1%          4
j - Dispersal             Tloc           54%        N/A       1%          6
k - Dazzling Flash        Conj/Hex       100%       N/A       1%          3
l - Dragon Form           Tmut           54%        N/A       1%          7
x - Summon Lightning Spi  Summ/Air       100%       N/A       1%          4
z - Borgnjor's Vile Clut  Necr/Erth      54%        N/A       1%          5
Your spell library was empty.

Dungeon Overview and Level Annotations

Branches:
Dungeon (15/15)            Temple (1/1) D:5            Lair (5/5) D:8
  Swamp (0/4) Lair:3        Snake (4/4) Lair:2        Slime (0/5) Lair:4
    Orc (2/2) D:11            Elf (3/3) Orc:2        Vaults (0/5) D:13
 Depths (0/4) D:15          IceCv (visited)         Volcano (visited)

Altars:
Ashenzari
Cheibriados
Dithmenos
Elyvilon
Fedhas
Gozag
Hepliaklqana
Makhleb
Nemelex Xobeh
Okawaru
Qazlal
Ru
Trog
Uskayaw
Wu Jian
Xom
Yredelemnul
Zin
The Shining One
Jiyva
Lugonu

Shops:
D:4 [=[   D:8 *   D:12 *   D:14 [   Orc:2 [([:   Elf:2 (   Snake:2 ?([?

Annotations:
Temple 2 transporters
Elf:2 3 runed translucent doors


Innate Abilities, Weirdness & Mutations

You are immune to sickness and miasma.
You are immune to poison.
Your flesh is almost immune to the effects of heat. (rF+++)
You are vulnerable to cold. (rC-)
You float through the air rather than walking.
You learn spells naturally, not from books.
Your magical power is your life essence.
You have superior vitality. (+4 MHP)
You have a pair of small horns on your head.
You are partially covered in large bone plates. (SH +4)
You have a somewhat thin skeletal structure. (Dex +2, Stealth+)
You have supernaturally acute eyesight. (SInv)
You are agile. (Dex +4, Str/Int -1)
You possess an exceptional clarity of mind.
Your body sometimes deteriorates upon taking damage.
You are highly strong-willed. (Will++)
Your spells are a little harder to cast, but a little more powerful.


Message History

The deep elf blademaster is knocked back by the mystic blast.
The deep elf blademaster shouts!
You hear an explosion!
Okay, then.
Aiming: Fulminant Prism (safe; 1% risk of failure)
Press: ? - help, Q - select action, (/) - cycle Dir - move target You conjure a prism of explosive energy!
A fulminant prism comes into view.
You block the deep elf blademaster's attack.
The deep elf blademaster hits you but does no damage.
The deep elf annihilator casts a spell at you.
The bolt of lightning hits your fulminant prism!
Your fulminant prism resists.
The bolt of lightning misses you. x2
The bolt of lightning hits your fulminant prism!
Your fulminant prism resists.
You hear a shout! x2; You hear a hideous shriek!
Aiming: Fulminant Prism (safe; 1% risk of failure)
Press: ? - help, Q - select action, (/) - cycle Dir - move target You conjure a prism of explosive energy!
A fulminant prism comes into view.
The deep elf blademaster hits you with a +0 rapier!
* * * LOW HITPOINT WARNING * * *
The deep elf blademaster hits you with a +0 rapier!
* * * LOW HITPOINT WARNING * * *
The deep elf blademaster hits you with a +0 rapier!!
* * * LOW HITPOINT WARNING * * *
The deep elf blademaster hits you with a +0 rapier.
* * * LOW HITPOINT WARNING * * *
The deep elf master archer wields a +2 longbow of electrocution.
You hear the crackle of electricity.
The deep elf master archer shoots an arrow.
The arrow hits your fulminant prism!!
The deep elf annihilator casts a spell at you.
The iron shot hits your fulminant prism!!!!
Your fulminant prism detonates feebly.
You block the deep elf death mage's attack.
You block the deep elf blademaster's attack.
The deep elf blademaster hits you with a +0 rapier!
You die...
Xom thinks this is hilarious!

#°8○# .....
#☼○°#.8)... ## ##.
#.☼☼#.....###.##.8
#○8§))...##:.))}..
#...#)ee.#.})||}e#
#...#e8e##)|:e..*##
#.8.# ..#.|)}⌠))..
#...## e##}|)))ee#
#....# 2.#}.}/ee@#
#....## ##[):)}##
#.....# ###.##
#.).#.## #
#..##..##
#.##....###
#.#)......###
#..))).##...##
#....)##..)...


You could see 3 deep elf blademasters, a deep elf master archer, a deep elf
annihilator, a deep elf death mage and a friendly fulminant prism.

Vanquished Creatures
  Jorgrun (Snake:1)
  An iron giant (Orc:2)
  Frances (Snake:1)
  Kirke (Lair:5)
  A storm dragon (Elf:3)
  Donald (Elf:3)
  2 nagarajas (Snake:4)
  3 frost giants (IceCv)
  4 deep elf sorcerers
  Aizul (Snake:1)
  An orc warlord (Orc:2)
  9 deep elf elementalists (Elf:3)
  A white draconian (IceCv)
  A deep elf demonologist (Elf:3)
  2 deep elf annihilators
  2 deep elf death magi (Elf:3)
  2 deep elf high priests
  5 vault guards (D:13)
  6 salamander tyrants
  7 hydras
  8 ironbound frosthearts (IceCv)
  4 ice dragons (IceCv)
  A catoblepas (Lair:5)
  3 two-headed ogres
  5 anacondas
  6 centaur warriors
  3 boulder beetles
  19 dancing weapons
  3 death yaks (Lair:5)
  18 naga warriors
  3 tengu warriors
  An orc high priest (Orc:2)
  A hell hog (Volcano)
  Urug (Lair:1)
  13 deep elf knights
  7 naga sharpshooters
  A skyshark (Lair:2)
  4 shock serpents
  Amaemon (Lair:3)
  2 salamander mystics (Snake:3)
  4 skeletal warriors (D:15)
  A deep troll (Lair:2)
  An orange crystal statue (IceCv)
  7 deep elf archers
  4 bog bodies (Lair:3)
  An orb spider (Snake:3)
  4 naga ritualists
  2 lindwurms
  29 deep elf pyromancers
  A steelbarb worm (Snake:2)
  A necromancer (D:15)
  2 wizards (D:15)
  25 deep elf zephyrmancers
  10 mana vipers
  5 orc sorcerers
  An oklob plant (Lair:2)
  6 cyclopes
  11 elephants
  15 ugly things
  4 manticores
  19 salamanders
  32 black mambas
  20 naga magi
  10 guardian serpents
  A gargoyle (D:10)
  An unseen horror (shapeshifter) (D:15)
  11 rime drakes
  3 centaur skeletons (D:15)
  An orange demon (Lair:3)
  2 torpor snails (Lair:5)
  11 cane toads
  Psyche (D:10)
  6 komodo dragons
  An unseen horror (D:10)
  A freezing wraith (D:15)
  A tengu conjurer (D:13)
  24 polar bears
  3 meliai (D:15)
  A hornet (shapeshifter) (Elf:2)
  A hornet (D:7)
  6 trolls
  20 dream sheep
  17 blink frogs
  2 raiju (Lair:5)
  A dream sheep (shapeshifter) (D:14)
  A shadow (D:11)
  32 yaks
  2 wraiths (D:12)
  2 air elementals
  2 hogs (Lair:5)
  5 wyverns
  Eustachio (D:5)
  5 fire bats
  12 basilisks
  3 fire elementals
  7 vampire mosquitoes
  3 steam dragons
  A swamp worm (Lair:3)
  55 nagas
  13 wargs
  10 water moccasins
  15 hell hounds (Lair:5)
  2 sky beasts (D:7)
  25 orc warriors
  6 ogres
  14 black bears
  23 wolves
  A boggart (Lair:2)
  15 centaurs
  4 phantoms
  2 kobold brigands
  Blork the orc (D:4)
  12 bullfrogs
  3 necrophages
  3 earth elementals
  4 gnoll sergeants
  8 scorpions
  3 water moccasin zombies (D:5)
  A water moccasin skeleton (D:5)
  5 wights (D:7)
  12 killer bees
  5 electric eels
  7 howler monkeys
  3 bullfrog zombies (D:5)
  A centaur zombie (D:5)
  2 lava snakes (D:12)
  3 hounds
  3 jellies
  22 orc priests
  A gnoll bouda (D:4)
  Terence (D:2)
  3 iguanas
  41 orc wizards
  A killer bee zombie (D:5)
  2 hound zombies (D:5)
  2 hound skeletons (D:5)
  A howler monkey zombie (D:5)
  26 gnolls
  9 adders
  4 shadow imps
  3 white imps
  An ufetubus (D:7)
  A worm (D:2)
  4 dart slugs
  78 orcs
  7 bats
  6 endoplasms
  4 giant cockroaches
  7 goblins
  11 hobgoblins
  17 kobolds
  2 quokkas
  10 ball pythons
  5 frilled lizards
  7 rats
  A bush (Lair:2)
  7 fulminant prisms
1107 creatures vanquished.

Vanquished Creatures (collateral kills)
  3 vault guards (D:13)
  A naga sharpshooter (Snake:3)
  3 naga warriors (Snake:3)
  2 nagas (Snake:3)
  A kobold brigand (D:9)
  2 orc wizards (D:9)
  3 gnolls (D:9)
  A shadow imp (D:6)
  2 orcs (D:9)
  A kobold (D:9)
19 creatures vanquished.

Vanquished Creatures (others)
  A nagaraja (Snake:4)
  An ice dragon (IceCv)
  3 demonic plants (D:6)
  199 fulminant prisms
  21 fungi
  103 plants
  3 withered plants (D:5)
331 creatures vanquished.

Grand Total: 1457 creatures vanquished

Notes
Turn   | Place    | Note
-------+----------+-------------------------------------------
     0 | D:1      | miscthings the Djinni Conjurer began the quest for the Orb.
     0 | D:1      | miscthings set off with the following spells memorised:
                  | Magic Dart, Searing Ray, Dazzling Flash, Fulminant Prism,
                  | Iskenderun's Mystic Blast.
     0 | D:1      | Reached XP level 1. HP: 15/15 MP: 0/0
    74 | D:1      | Reached XP level 2. HP: 15/21 MP: 0/0
   280 | D:1      | Reached XP level 3. HP: 23/25 MP: 0/0
   280 | D:1      | Learned a level 1 spell: Beastly Appendage
   546 | D:1      | Reached skill level 4 in Spellcasting
   775 | D:2      | Reached XP level 4. HP: 30/31 MP: 0/0
   778 | D:2      | Identified the amulet of Hiurch {rN++ Will- Regen+}
  1089 | D:2      | Noticed Terence
  1096 | D:2      | Killed Terence
  1097 | D:2      | Reached XP level 5. HP: 35/35 MP: 0/0
  1097 | D:2      | Learned a level 2 spell: Static Discharge
  1516 | D:3      | Reached skill level 5 in Spellcasting
  1687 | D:3      | Reached XP level 6. HP: 40/40 MP: 0/0
  1916 | D:4      | Found Qoxiqout's Armour Boutique.
  2009 | D:4      | Reached skill level 6 in Spellcasting
  2090 | D:4      | Found Eroigrog's Jewellery Shop.
  2113 | D:4      | Reached XP level 7. HP: 45/45 MP: 0/0
  2113 | D:4      | Learned a level 3 spell: Vampiric Draining
  2211 | D:4      | Found Isaudesch's Antique Armour Emporium.
  2383 | D:4      | Reached skill level 7 in Spellcasting
  2524 | D:5      | Entered Level 5 of the Dungeon
  2529 | D:5      | Reached XP level 8. HP: 41/50 MP: 0/0
  2549 | D:5      | Reached skill level 8 in Spellcasting
  2619 | D:5      | Reached XP level 9. HP: 55/55 MP: 0/0
  2619 | D:5      | Learned a level 4 spell: Flame Wave
  2636 | D:5      | Found a staircase to the Ecumenical Temple.
  2643 | Temple   | Entered the Ecumenical Temple
  2643 | Temple   | Found a transporter.
  2643 | Temple   | Found a transporter.
  2645 | Temple   | Found a transporter.
  2645 | Temple   | Found a transporter.
  2669 | Temple   | Became a worshipper of Xom of Chaos
  2693 | D:5      | XOM: potion effect (curing)
  2703 | D:5      | Reached skill level 9 in Spellcasting
  3140 | D:5      | Noticed Eustachio
  3143 | D:5      | XOM: potion effect (might)
  3146 | D:5      | Killed Eustachio
  3268 | D:4      | Noticed Blork the orc
  3270 | D:4      | XOM: divination: detect items
  3275 | D:4      | Killed Blork the orc
  3389 | D:6      | XOM: noise
  3392 | D:6      | XOM: cloud trail
  3477 | D:6      | XOM: summons friendly iron imp
  3488 | D:6      | You are sucked into a shaft and drop 2 floors!
  3581 | D:6      | Reached skill level 10 in Spellcasting
  3599 | D:6      | XOM: summons friendly quasit
  3650 | D:6      | XOM: cloud trail
  4016 | D:6      | Found a white marble altar of Elyvilon.
  4017 | D:6      | Found a bloodstained altar of Trog.
  4204 | D:7      | Reached XP level 10. HP: 57/60 MP: 0/0
  4451 | D:7      | Reached skill level 11 in Spellcasting
  4591 | D:7      | XOM: divination: detect creatures
  4597 | D:7      | XOM: destruction
  4670 | D:7      | XOM: give mutations
  4670 | D:7      | Gained mutation: You are strong-willed. (Will+) [Xom's
                  | grace]
  4670 | D:7      | Gained mutation: You are robust. (+10% HP) [Xom's grace]
  4776 | D:7      | XOM: summons 1 hostile demon
  4980 | D:7      | XOM: noise
  5046 | D:7      | XOM: noise
  5472 | D:8      | Noticed a two-headed ogre
  5481 | D:8      | Killed a two-headed ogre
  5482 | D:8      | Reached skill level 12 in Spellcasting
  5554 | D:8      | Found a staircase to the Lair.
  5554 | D:8      | Noticed an elephant
  5558 | D:8      | XOM: confuse monster(s)
  5599 | D:8      | XOM: potion effect (might)
  5600 | D:8      | XOM: divination: detect items
  5606 | D:8      | Killed an elephant
  5607 | D:8      | Reached XP level 11. HP: 71/71 MP: 0/0
  5607 | D:8      | Learned a level 4 spell: Summon Lightning Spire
  5810 | D:8      | Found Fudag's General Store.
  6016 | D:9      | Noticed a two-headed ogre
  6017 | D:9      | XOM: confuse monster(s)
  6019 | D:9      | XOM: cast spell 'Summon Mana Viper'
  6022 | D:9      | XOM: potion effect (haste)
  6030 | D:9      | Killed a two-headed ogre
  6031 | D:9      | Reached skill level 13 in Spellcasting
  6420 | D:10     | XOM: stealth player
  6420 | D:10     | Entered Level 10 of the Dungeon
  6445 | D:10     | XOM: scenery: 1 doors close
  6448 | D:10     | Reached skill level 1 in Fighting
  6448 | D:10     | Reached skill level 1 in Shields
  6453 | D:10     | XOM: 2-stop teleportation journey
  6738 | D:10     | XOM: god gift: wand of charming (5)
  6904 | D:10     | Noticed Psyche
  6912 | D:10     | Killed Psyche
  7232 | D:11     | Lost mutation: You are robust. (+10% HP) [potion of
                  | mutation]
  7232 | D:11     | Lost mutation: You are strong-willed. (Will+) [potion of
                  | mutation]
  7232 | D:11     | Gained mutation: You are partially covered in iridescent
                  | scales. (AC +2) [potion of mutation]
  7233 | D:11     | Lost mutation: You are partially covered in iridescent
                  | scales. (AC +2) [potion of mutation]
  7233 | D:11     | Gained mutation: You are agile. (Dex +4, Str/Int -1)
                  | [potion of mutation]
  7233 | D:11     | Gained mutation: You have supernaturally acute eyesight.
                  | (SInv) [potion of mutation]
  7233 | D:11     | Gained mutation: Your spells are a little harder to cast,
                  | but a little more powerful. [potion of mutation]
  7293 | D:11     | XOM: divination: detect items
  7309 | D:11     | Found a staircase to the Orcish Mines.
  7516 | D:11     | XOM: god gift: fuming red potion {god gift}
  7616 | D:11     | XOM: draining
  7640 | D:11     | XOM: noise
  7774 | D:11     | XOM: silly message
  7892 | D:11     | Noticed a centaur warrior
  7898 | D:11     | Killed a centaur warrior
  7899 | D:11     | Reached XP level 12. HP: 29/76 MP: 0/0
  8016 | D:11     | XOM: god gift: 5 stones
  8060 | D:11     | XOM: give mutations
  8060 | D:11     | Gained mutation: You possess an exceptional clarity of
                  | mind. [Xom's grace]
  8060 | D:11     | Gained mutation: You are partially covered in large bone
                  | plates. (SH +4) [Xom's grace]
  8060 | D:11     | Gained mutation: You are strong-willed. (Will+) [Xom's
                  | grace]
  8060 | D:11     | Gained mutation: You are highly strong-willed. (Will++)
                  | [Xom's grace]
  8298 | D:12     | Found Este's General Store.
  8320 | D:12     | Bought a scroll of teleportation for 39 gold pieces
  8704 | D:12     | XOM: potion effect (brilliance)
  8710 | D:12     | Reached skill level 5 in Dodging
  8710 | D:12     | Reached skill level 14 in Spellcasting
  8783 | D:12     | XOM: stat loss: -1 Str (4/5)
  8932 | D:13     | XOM: butterfly on damage
  9032 | D:13     | Noticed a centaur warrior
  9043 | D:13     | Killed a centaur warrior
  9094 | D:13     | Noticed a centaur warrior
  9103 | D:13     | Killed a centaur warrior
  9220 | D:13     | Noticed a tengu warrior
  9220 | D:13     | Noticed a tengu warrior
  9226 | D:13     | Killed a tengu warrior
  9229 | D:13     | Killed a tengu warrior
  9233 | D:13     | XOM: give mutations
  9233 | D:13     | Gained mutation: You are somewhat resistant to further
                  | mutation. [Xom's grace]
  9233 | D:13     | Gained mutation: You are partially covered in iridescent
                  | scales. (AC +2) [Xom's grace]
  9313 | D:13     | Noticed a vault guard
  9313 | D:13     | Noticed a vault guard
  9313 | D:13     | Noticed a vault guard
  9313 | D:13     | Noticed a vault guard
  9318 | D:13     | Killed a vault guard
  9319 | D:13     | Reached skill level 5 in Fighting
  9319 | D:13     | Reached skill level 5 in Shields
  9320 | D:13     | Noticed a boulder beetle
  9320 | D:13     | Killed a vault guard
  9322 | D:13     | XOM: 4-stop teleportation journey
  9345 | D:13     | XOM: god gift: staff of poison
  9375 | D:13     | Noticed a centaur warrior
  9380 | D:13     | Reached XP level 13. HP: 85/85 MP: 0/0
  9380 | D:13     | Learned a level 5 spell: Borgnjor's Vile Clutch
  9382 | D:13     | Killed a centaur warrior
  9385 | D:13     | Noticed a centaur warrior
  9394 | D:13     | Killed a centaur warrior
  9455 | D:13     | Found a gate to the Vaults.
  9471 | D:13     | Noticed a vault guard
  9471 | D:13     | XOM: scenery: 1 doors close
  9472 | D:13     | XOM: enchant monster (bad)
  9473 | D:13     | Noticed a vault guard
  9479 | D:13     | Killed a vault guard
  9481 | D:13     | XOM: smoke on damage
  9482 | D:13     | Killed a vault guard
  9558 | D:13     | Noticed a vault guard
  9565 | D:13     | Killed a vault guard
  9568 | D:13     | Noticed a centaur warrior
  9574 | D:13     | Killed a centaur warrior
  9579 | D:13     | Noticed a vault guard
  9585 | D:13     | XOM: confuse monster(s)
  9589 | D:13     | Killed a vault guard
  9595 | D:13     | Killed a vault guard
  9764 | D:13     | Killed a vault guard
  9856 | D:13     | XOM: scenery: summon butterflies
  9874 | D:13     | XOM: summons 2 hostile shadow creatures
  9981 | Lair:1   | Entered Level 1 of the Lair of Beasts
 10096 | Lair:1   | XOM: 1-stop teleportation journey
 10140 | Lair:1   | XOM is BORED!
 10141 | Lair:1   | Noticed Urug
 10145 | Lair:1   | Reached skill level 15 in Spellcasting
 10147 | Lair:1   | Killed Urug
 10342 | Lair:1   | Identified the +9 hand axe of the Desert {spect, *Slow
                  | rElec rPois Dex+7}
 10416 | Lair:1   | XOM: give mutation
 10416 | Lair:1   | Lost mutation: You are somewhat resistant to further
                  | mutation. [Xom's mischief]
 10555 | Lair:1   | XOM: summons 7 hostile demons
 10556 | Lair:1   | XOM: swap monsters
 10623 | Lair:1   | XOM: cloud trail
 10937 | Lair:1   | XOM: scenery: summon butterflies
 10945 | Lair:2   | Found a staircase to the Snake Pit.
 10948 | Lair:2   | XOM: polymorph naga -> boggart
 10978 | Lair:2   | Reached XP level 14. HP: 78/96 MP: 0/0
 11200 | Lair:2   | XOM: 1-stop teleportation journey
 11402 | Lair:2   | Found a dark tunnel.
 11416 | Volcano  | Entered a volcano
 11473 | Volcano  | XOM: divination: detect creatures
 11571 | Volcano  | XOM: noise
 12057 | Lair:3   | XOM: enchant monster (bad)
 12176 | Lair:3   | Noticed Amaemon
 12184 | Lair:3   | Killed Amaemon
 12288 | Lair:3   | XOM: cleaving
 12303 | Lair:3   | Found a staircase to the Swamp.
 12303 | Lair:3   | XOM: enchant monster (good)
 12469 | Lair:3   | XOM: cast spell 'Summon Cactus Giant'
 12514 | Lair:3   | XOM: give mutations
 12514 | Lair:3   | Lost mutation: You are partially covered in iridescent
                  | scales. (AC +2) [Xom's mischief]
 12514 | Lair:3   | Gained mutation: You are weak. (Str -2) [Xom's mischief]
 12651 | Lair:3   | XOM: silly message
 12702 | Lair:3   | XOM: silly message
 12728 | Lair:3   | XOM: silly message
 12849 | Lair:3   | XOM: silly message
 12960 | Lair:4   | Identified the +0 falchion of the Tomato {vamp, Will+
                  | Dex+3}
 13093 | Lair:4   | Reached skill level 16 in Spellcasting
 13093 | Lair:4   | XOM: polymorph boulder beetle -> six-headed hydra
 13160 | Lair:4   | XOM: stat loss: -1 Int (24/25)
 13231 | Lair:4   | XOM: 1-stop teleportation journey
 13267 | Lair:4   | Found a staircase to the Slime Pits.
 13267 | Lair:4   | Found a viscous altar of Jiyva.
 13296 | Lair:4   | XOM: repel stairs
 13308 | Lair:4   | Reached XP level 15. HP: 99/104 MP: 0/0
 13308 | Lair:4   | Learned a level 6 spell: Dispersal
 13316 | Lair:4   | Identified the +0 robe of Youthful Indiscretion {rElec
                  | Will+ rCorr Dex+3}
 13620 | Lair:5   | Entered Level 5 of the Lair of Beasts
 13639 | Lair:5   | XOM: 1-stop teleportation journey
 13647 | Lair:5   | XOM: butterfly on damage
 13701 | Lair:5   | XOM: summons 2 hostile shadow creatures
 13703 | Lair:5   | XOM: polymorph komodo dragon -> lindwurm
 13730 | Lair:5   | Reached skill level 10 in Dodging
 13731 | Lair:5   | XOM: repel stairs
 13738 | Lair:5   | XOM: swap monsters
 13772 | Lair:5   | XOM: potion effect (berserk rage)
 13779 | Lair:5   | XOM: fog
 13828 | Lair:5   | XOM: give mutation
 13828 | Lair:5   | Gained mutation: Your body sometimes deteriorates upon
                  | taking damage. [Xom's mischief]
 14038 | Lair:5   | XOM: potion effect (curing)
 14175 | Lair:5   | Noticed Kirke
 14182 | Lair:5   | Killed Kirke
 14306 | Lair:5   | XOM: potion effect (might)
 14342 | Lair:5   | XOM: silly message
 14606 | Lair:5   | XOM: scenery: summon butterflies
 14995 | Orc:1    | Entered Level 1 of the Orcish Mines
 15009 | Orc:1    | Reached XP level 16. HP: 106/113 MP: 0/0
 15030 | Orc:1    | XOM: 1-stop teleportation journey
 15041 | Orc:1    | Reached skill level 10 in Shields
 15044 | Orc:1    | XOM: potion effect (heal wounds)
 15050 | Orc:1    | XOM: divination: magic mapping
 15052 | Orc:1    | Reached skill level 10 in Fighting
 15173 | Orc:1    | XOM: silly message
 15209 | Orc:2    | Entered Level 2 of the Orcish Mines
 15214 | Orc:2    | XOM: swap monsters
 15306 | Orc:2    | Noticed Saint Roka
 15389 | Orc:2    | Saint Roka changed into Saint Roka the iron giant
 15389 | Orc:2    | Noticed Saint Roka
 15389 | Orc:2    | XOM: polymorph Saint Roka -> Saint Roka the iron giant
 15401 | Orc:2    | Killed Saint Roka the iron giant
 15601 | Orc:2    | Found a staircase to the Elven Halls.
 15699 | Orc:2    | Reached skill level 17 in Spellcasting
 15829 | Orc:2    | Found Loqi's Weapon Shoppe.
 15829 | Orc:2    | Found Banicv Ohui's Book Emporium.
 15830 | Orc:2    | Found Gehucyci's Armour Emporium.
 15834 | Orc:2    | Found Busuif's Armour Shoppe.
 16223 | Snake:1  | Entered Level 1 of the Snake Pit
 16360 | Snake:1  | XOM: summons friendly white imp
 16383 | Snake:1  | Noticed Frances
 16391 | Snake:1  | Killed Frances
 16392 | Snake:1  | Reached skill level 1 in Armour
 16392 | Snake:1  | Reached skill level 1 in Evocations
 16477 | Snake:1  | Lost strength.
 16635 | Snake:1  | Noticed Jorgrun
 16642 | Snake:1  | Killed Jorgrun
 16702 | Snake:1  | Noticed Aizul
 16709 | Snake:1  | Killed Aizul
 16723 | Snake:1  | XOM: divination: detect creatures
 17003 | Snake:2  | Found Jipt's Magic Scroll Shop.
 17023 | Snake:2  | Bought a scroll of identify for 32 gold pieces
 17023 | Snake:2  | Bought a scroll of teleportation for 48 gold pieces
 17039 | Snake:2  | Found Yliarch's Weapon Shop.
 17039 | Snake:2  | Found Gicsezomil's Armour Shoppe.
 17065 | Snake:2  | XOM: noise
 17071 | Snake:2  | Found Xapnel's Magic Scroll Shoppe.
 17087 | Snake:2  | Bought a scroll of immolation for 64 gold pieces
 17087 | Snake:2  | Bought a scroll of teleportation for 48 gold pieces
 17087 | Snake:2  | Bought a scroll of teleportation for 48 gold pieces
 17094 | Snake:2  | XOM: blink monster(s)
 17095 | Snake:2  | XOM: polymorph naga sharpshooter -> steelbarb worm
 17113 | Snake:2  | Found a white marble altar of Elyvilon.
 17123 | Snake:2  | XOM: 2-stop teleportation journey
 17173 | Snake:2  | XOM: noise
 17481 | Snake:3  | XOM: polymorph naga warrior -> orb spider
 17521 | Snake:3  | Reached XP level 17. HP: 114/121 MP: 0/0
 17521 | Snake:3  | Learned a level 6 spell: Starburst
 17561 | Snake:3  | XOM: swap monsters
 17622 | Snake:3  | XOM: noise
 17679 | Snake:3  | XOM: divination: detect creatures
 17836 | Snake:3  | Identified a scroll of acquirement
 17837 | Snake:3  | Acquired a manual of Shields
 17906 | Snake:3  | XOM: give mutation
 17906 | Snake:3  | Gained mutation: You have a somewhat thin skeletal
                  | structure. (Dex +2, Stealth+) [Xom's grace]
 17932 | Snake:3  | XOM: give mutation
 17932 | Snake:3  | Lost mutation: You are weak. (Str -2) [Xom's grace]
 17975 | Snake:3  | XOM: summons friendly iron imp
 18004 | Snake:3  | XOM: summons 13 friendly demons
 18089 | Snake:3  | XOM: 7-stop teleportation journey
 18093 | Snake:3  | XOM: cloud trail
 18348 | Snake:3  | XOM: 6-stop teleportation journey
 18548 | Snake:4  | Entered Level 4 of the Snake Pit
 18573 | Snake:4  | Reached skill level 5 in Evocations
 18711 | Snake:4  | Reached skill level 5 in Armour
 18715 | Snake:4  | XOM: divine lightning
 18732 | Snake:4  | XOM: summons 4 friendly demons
 18741 | Snake:4  | XOM: enchant monster (good)
 18755 | Snake:4  | XOM: enchant monster (good)
 18780 | Snake:4  | XOM: divine lightning
 18781 | Snake:4  | Reached XP level 18. HP: 98/128 MP: 0/0
 18833 | Snake:4  | XOM: 1-stop teleportation journey
 18881 | Snake:4  | XOM: fog
 18894 | Snake:4  | XOM: give mutation
 18894 | Snake:4  | Gained mutation: Your flesh is almost immune to the effects
                  | of heat. (rF+++) [Xom's grace]
 19211 | Snake:4  | XOM: give mutations
 19211 | Snake:4  | Gained mutation: You have a pair of small horns on your
                  | head. [Xom's grace]
 19211 | Snake:4  | Gained mutation: You are partially covered in iridescent
                  | scales. (AC +2) [Xom's grace]
 19499 | Snake:4  | XOM: scenery: create altars
 19506 | Snake:4  | Reached skill level 18 in Spellcasting
 19691 | Snake:4  | Got a serpentine rune of Zot
 20102 | D:14     | Found a frozen archway.
 20118 | IceCv    | Entered an ice cave
 20118 | IceCv    | XOM: silly message
 20122 | IceCv    | XOM: divination: detect creatures
 20400 | IceCv    | XOM: 6-stop teleportation journey
 20407 | IceCv    | XOM: god gift: piece from Xom's chessboard (15/15)
 20528 | IceCv    | XOM: confuse monster(s)
 20762 | IceCv    | XOM: give mutation
 20762 | IceCv    | Lost mutation: You are partially covered in iridescent
                  | scales. (AC +2) [Xom's mischief]
 21134 | D:14     | Found Zoet's Antique Armour Boutique.
 21152 | D:14     | Bought a fine leather armour for 224 gold pieces
 21152 | D:14     | Identified the +1 leather armour of Experimentation {rPois
                  | rC+ rN+} (You bought it in a shop on level 14 of the
                  | Dungeon)
 21224 | D:14     | Identified the +7 long sword of the Bouncing Gods {heavy,
                  | Dex+2 SInv}
 21335 | D:15     | Entered Level 15 of the Dungeon
 21350 | D:15     | XOM: cleaving
 21352 | D:15     | XOM: enchant monster (bad)
 21629 | D:15     | XOM: smoke on damage
 21708 | D:15     | Found a runed translucent door.
 21708 | D:15     | Found a corrupted altar of Lugonu.
 21729 | D:15     | XOM: god gift: 6 stones
 21741 | D:15     | Found a staircase to the Depths.
 21742 | D:15     | XOM: swap monsters
 22016 | D:15     | XOM: repel stairs
 22022 | D:15     | Reached XP level 19. HP: 84/135 MP: 0/0
 22022 | D:15     | Learned a level 7 spell: Dragon Form
 22207 | Elf:1    | Entered Level 1 of the Elven Halls
 22300 | Elf:1    | XOM: silly message
 22309 | Elf:1    | XOM: swap monsters
 22312 | Elf:1    | XOM: summons friendly quasit
 22322 | Elf:1    | XOM: chaos upgrade
 22554 | Elf:1    | XOM: summons 2 hostile shadow creatures
 22616 | Elf:1    | XOM: summons 1 hostile demon
 22685 | Elf:1    | XOM: summons 6 friendly demons
 23122 | Elf:2    | Found Ligrabun's Weapon Shoppe.
 23195 | Elf:2    | XOM: blink monster(s)
 23250 | Elf:2    | Acquired 508 gold pieces
 23345 | Elf:2    | Paralysed by an air elemental for 1 turns
 23379 | Elf:2    | Found a runed translucent gate.
 23379 | Elf:2    | Found a runed translucent gate.
 23380 | Elf:2    | Found a runed translucent gate.
 23497 | Elf:3    | Entered Level 3 of the Elven Halls
 23668 | Elf:3    | Noticed Donald
 23674 | Elf:3    | Killed Donald
 23691 | Elf:3    | XOM: polymorph deep elf elementalist -> storm dragon
 23970 | Elf:3    | Reached XP level 20. HP: 107/144 MP: 0/0
 24001 | Elf:3    | XOM: chaos upgrade
 24132 | Elf:3    | Reached skill level 19 in Spellcasting
 24135 | Elf:3    | XOM: summons 12 friendly demons
 24148 | Elf:3    | Identified the +8 short sword of the Lair of Beasts {flame,
                  | +Blink rElec rC+}
 24159 | Elf:3    | Identified the +8 scimitar "Foat" {vamp, rN++}
 24163 | Elf:3    | HP: 4/144 [deep elf blademaster/+0 rapier (6)]
 24163 | Elf:3    | Mangled by a deep elf blademaster

Illustrated notes

Levels and vault maps discovered:
D:1:      dpeg_arrival_simpleton_b, layout_loops_ring
D:2:      layout_loops_cross, serial_rivers, chequers_serial_rivers_micro_c,
          chequers_serial_rivers_small_b, chequers_serial_rivers_marsh,
          chequers_serial_rivers_small_3, chequers_serial_rivers_small_b,
          uniq_terence
D:3:      layout_rooms, chequers_serial_rivers_large_b
D:4:      minmay_razor_zed, layout_rooms, serial_shops,
          nicolae_shop_behind_doors, shop, shop, uniq_blork_the_orc
D:5:      layout_basic, temple_green, serial_undead, serial_undead_a,
          serial_undead_d, serial_undead_d, serial_undead_c, serial_undead_f,
          serial_undead_a, serial_undead_b, serial_undead_e,
          minmay_statues_item, uniq_eustachio
D:6:      layout_gridville, minitemple, serial_demonic, serial_demonic_e,
          serial_demonic_f, serial_demonic_c, serial_demonic_g
D:7:      layout_layer_cave, general_overflow_altar, hex_large, grunt_tough_drop
D:8:      layout_loops_ring, david_lair_generic, serial_shops,
          nicolae_shop_statue_plus, minmay_misc_feat_rugged
D:9:      layout_big_octagon, dreamdust_mushroom_princess
D:10:     layout_stronghold, uniq_psyche
D:11:     layout_basic, erik_orc_3
D:12:     layout_basic, serial_shops, nicolae_inconvenience_store, drop_trap,
          kennysheep_generic_room_3
D:13:     layout_stronghold, erik_vaults_2
D:14:     layout_basic, portal_ice_cave_entry_pillars_2, serial_shops,
          nicolae_diamond_shop
D:15:     grunt_enter_depths_magical_seal, layout_long_grid,
          nicolae_danse_macabre
Temple:   hellmonk_temple_divided_pantheon
Lair:1:   layout_cave_pods, grunt_megastairs_1, infiniplex_staircase_pool,
          uniq_urug
Lair:2:   dreamdust_cave_troll, layout_chaotic_city,
          guppyfry_snake_entry_island, nicolae_volcano_entry_batcave,
          minmay_lair_oklob_items, st_stairs_4
Lair:3:   layout_hall_layers, nicolae_swamp_entry_splash_gauntlet,
          infiniplex_staircase_pool_2, serial_bayou_shore_a, uniq_amaemon
Lair:4:   layout_hall_layers, slime_entry_1, serial_forest,
          infiniplex_forest_side_room, infiniplex_forest_clump_curved,
          infiniplex_forest_clump_curved, infiniplex_forest_side_room,
          infiniplex_forest_straight_2, infiniplex_forest_straight_3,
          infiniplex_forest_straight_1, infiniplex_forest_3_way,
          infiniplex_forest_lined_1, nicolae_quartered_pool_little
Lair:5:   hangedman_lair_caniforms_friends, layout_gridlike,
          hangedman_lair_in_review, gammafunk_lair_bear_cave, uniq_kirke
Snake:1:  layout_gridlike, uniq_aizul, uniq_jorgrun, uniq_frances
Snake:2:  layout_rooms, serial_shops, shop, nicolae_shop_trees, shop,
          nicolae_shop_hallway_stairs, basic_altar
Snake:3:  layout_honeycomb, grunt_megastairs_3
Snake:4:  minmay_snake_end_coiled, layout_layer_cave, st_stairs_9
Orc:1:    layout_diamond_mine
Orc:2:    st_orc_mages, layout_caves, uniq_saint_roka
Elf:1:    nicolae_elf_arrival_fired_up, layout_geoelf_diagonals,
          minmay_elf_sorcery, drop_trap
Elf:2:    elven_hall_of_blades_hangedman_original
          [infiniplex_blade_entry_pillars], layout_geoelf_grid, serial_shops,
          nicolae_lakefront_shop
Elf:3:    minmay_elf_hall_statues, layout_geoelf_grid, uniq_donald

Skill      XL: |  1  2  3  4  5  6  7  8  9 10 11 12 13 14 15 16 17 18 19 20 |
---------------+-------------------------------------------------------------+-----
Spellcasting   | 4 5 6 7 8 10 12 13 14 15 16 17 18 19 | 19.0
Fighting       | 2 5 7 8 9 10 11 12 13 | 13.1
Shields        | 2 5 7 8 9 10 12 13 14 | 14.8
Dodging        | 4 6 8 9 11 12 13 14 | 14.4
Armour         | 3 5 6 8 |  8.5
Evocations     | 3 5 7 8 |  8.5
Stealth        | |  1.5

Action                     |  1- 3 |  4- 6 |  7- 9 | 10-12 | 13-15 | 16-18 | 19-21 || total
---------------------------+-------+-------+-------+-------+-------+-------+-------++-------
  Melee: Whip              |       |     1 |     2 |     4 |    12 |       |       ||    19
         Demon whip        |       |       |       |       |    25 |    23 |       ||    48
         Headbutt          |       |       |       |       |       |     4 |       ||     4
         Falchion          |       |       |       |       |       |       |     4 ||     4
   Cast: Magic Dart        |    28 |     1 |       |       |       |       |       ||    29
         Searing Ray       |    14 |    46 |    63 |    73 |    91 |    16 |     1 ||   304
         Fulminant Prism   |       |     1 |    11 |    50 |    55 |    67 |    23 ||   207
         Vampiric Draining |       |       |     7 |     3 |     1 |     6 |       ||    17
         Iskenderun's Myst |       |       |    26 |    68 |   247 |   396 |   122 ||   859
         Summon Lightning  |       |       |       |     4 |     3 |       |       ||     7
         Dazzling Flash    |       |       |       |     1 |       |       |       ||     1
         Borgnjor's Vile C |       |       |       |       |    29 |    40 |    39 ||   108
         Dispersal         |       |       |       |       |     2 |       |       ||     2
         Flame Wave        |       |       |       |       |       |     1 |       ||     1
         Starburst         |       |       |       |       |       |     2 |       ||     2
  Evoke: Wand              |       |       |       |       |       |     4 |       ||     4
         Phial of floods   |       |       |       |       |       |     1 |       ||     1
    Use: Scroll            |       |       |     7 |    16 |     9 |     5 |     3 ||    40
         Potion            |       |       |       |     3 |     3 |     1 |       ||     7
 Armour: Robe              |     1 |       |       |       |       |       |     7 ||     8
         Troll leather arm |     1 |     6 |    23 |    26 |    39 |    34 |       ||   129
  Dodge: Dodged            |     3 |    18 |    35 |    75 |   176 |   168 |    78 ||   553
  Block: Buckler           |       |       |       |    26 |   168 |   184 |    51 ||   429

Table legend: (Time is in decaauts)
 A = Elapsed time spent in this place.
 B = Non-inter-level travel time spent in this place.
 C = Inter-level travel time spent in this place.
 D = Time resting spent in this place.
 E = Time spent auto-exploring this place.
 F = Levels seen in this place.
 G = Mean time per level.
                   A        B        C        D        E       F      G
               +--------+--------+--------+--------+--------+-----+--------+
         Total |  24187 |  22217 |   1970 |    623 |  15884 |  32 |  755.8 |
       Dungeon |  11580 |  10400 |   1180 |    155 |   7963 |  15 |  772.0 |
        Temple |     40 |     28 |     12 |      0 |      1 |   1 |   40.0 |
          Lair |   4872 |   4517 |    355 |     14 |   3266 |   5 |  974.4 |
     Snake Pit |   3696 |   3492 |    204 |     31 |   2583 |   4 |  924.0 |
  Orcish Mines |   1140 |   1009 |    131 |      4 |    712 |   2 |  570.0 |
   Elven Halls |   1956 |   1870 |     86 |    178 |   1111 |   3 |  652.0 |
      Ice Cave |    714 |    714 |      0 |    241 |    191 |   1 |  714.0 |
       Volcano |    186 |    186 |      0 |      0 |     56 |   1 |  186.0 |
               +--------+--------+--------+--------+--------+-----+--------+

Top non-repeatable levels by time:
 Snake:4: 1278 daAuts
     D:7: 1232 daAuts
  Lair:5: 1207 daAuts
    D:13: 1123 daAuts
    D:11: 1094 daAuts
 Snake:3: 1093 daAuts
  Lair:1: 1082 daAuts
  Lair:3: 1030 daAuts
   Elf:1: 902 daAuts
    D:10: 886 daAuts
  Lair:2: 863 daAuts
   Orc:2: 842 daAuts
 Snake:1: 809 daAuts
    D:15: 752 daAuts
     D:5: 751 daAuts
